cohdb
Replays
Latest Replays
All Replays
Popular Replays
Top Player Replays
Match Explorer
How It Works
Community
CoH3 Stats
Reddit
Sign in to upload your games and track your stats! →
Sign in with Steam
Match 41500880
Unlisted
Match 41500880
Overview
Messages
Build Orders
End
Construct Section Command Post
Selects Australian Defense Battlegroup
Selects Australian Light Infantry Section
Infantry Section
Infantry Section
ML 3-inch Mortar Team
Infantry Section
Grenade Package
Dingo Light Scout Car
Construct Platoon Command Post
6-pounder Anti-tank Gun Team
Selects CMP 15cwt Supply Run
Selects Reinforced Resource Caches
Construct Company Command Post
Matilda II Heavy Tank
CMP 15cwt Truck
Armored Vehicle Training
Infantry Training
Team Weapon Training
Selects Defensive Tactics
Selects Vehicle Over Repair
Crusader II Medium Tank
Selects Archer Tank Destroyer
Archer Tank Destroyer
Particycles
banksss33
Milliam
Tenal Jan
sarex
Knightlance
sumikadaisuki
花开的时候你就来看我
0
0
Comments
sign in to comment!
No comments posted yet!